 Dungeon Crawl Stone Soup version 0.30.1-11-g7821555f0a (webtiles) character file.

Game seed: 3544034878238954440

321 Kass the Poker (level 6, 0/53 HPs)
             Began as a Gnoll Cinder Acolyte on Jan 14, 2024.
             Was a High Priest of Ignis.
             Slain by an iguana (8 damage)
             ... on level 4 of the Dungeon.
             The game lasted 00:15:21 (4626 turns).

Kass the Poker (Gnoll Cinder Acolyte)               Turns: 4626, Time: 00:15:21

Health: 0/53       AC:  2    Str: 16    XL:     6   Next: 46%
Magic:  11/11      EV: 11    Int: 13    God:    Ignis [*****.]
Gold:   216        SH:  0    Dex:  7    Spells: 12/12 levels left

rFire   + . .        a - -1 spear (flame)
rCold   . . .        (no shield)
rNeg    . . .        b - +0 robe
rPois   .            (no helmet)
rElec   .            (no cloak)
rCorr   .            (no gloves)
SInv    .            (no boots)
Will    .....        (no amulet)
Stlth   ++           (no ring)
HPRegen 0.28/turn    (no ring)
MPRegen 0.12/turn

%: no passive effects
@: no status effects
A: fangs 1, strong nose, distributed training
a: Renounce Religion, Fiery Armour, Foxfire Swarm, Rising Flame


You were on level 4 of the Dungeon.
You worshipped Ignis.
Ignis was extremely pleased with you.
You visited 1 branch of the dungeon, and saw 5 of its levels.

You collected 216 gold pieces.

Inventory:

Hand Weapons
 a - a -1 spear of flaming (weapon)
Missiles
 s - 3 poisoned darts
 t - 4 boomerangs (quivered)
Armour
 b - a +0 robe (worn)
Wands
 r - a wand of acid (11)
Scrolls
 c - 3 scrolls of teleportation {unknown}
 h - a scroll of vulnerability {unknown}
 i - a scroll of enchant armour {unknown}
 j - 2 scrolls of enchant weapon {unknown}
 k - a scroll of torment {unknown}
 n - a scroll of blinking {unknown}
 o - 3 scrolls of identify {unknown}
 p - a scroll of brand weapon {unknown}
 v - a scroll of immolation {unknown}
Potions
 d - 3 potions of magic {unknown}
 e - a potion of cancellation {unknown}
 f - 3 potions of curing {unknown}
 g - 3 potions of lignification {unknown}
 l - 3 potions of heal wounds
 m - a potion of mutation {unknown}
 q - 3 potions of degeneration {unknown}
 u - a potion of brilliance {unknown}


   Skills:
 + Level 6.8 Fighting
 + Level 2.0 Short Blades
 + Level 2.0 Long Blades
 + Level 2.0 Axes
 + Level 2.0 Maces & Flails
 + Level 6.8 Polearms
 + Level 2.0 Staves
 + Level 2.0 Ranged Weapons
 + Level 2.0 Throwing
 + Level 2.0 Armour
 + Level 2.0 Dodging
 + Level 2.0 Stealth
 + Level 2.0 Shields
 + Level 2.0 Unarmed Combat
 + Level 3.5 Spellcasting
 + Level 1.6 Conjurations
 + Level 1.6 Hexes
 + Level 1.6 Summonings
 + Level 1.6 Necromancy
 + Level 1.6 Translocations
 + Level 1.6 Transmutations
 + Level 5.7 Fire Magic
 + Level 1.6 Ice Magic
 + Level 1.6 Air Magic
 + Level 1.6 Earth Magic
 + Level 1.6 Poison Magic
 + Level 2.2 Invocations
 + Level 2.0 Evocations


You had 12 spell levels left.
You didn't know any spells.
Your spell library contained the following spells:

 Spells                   Type           Power      Damage    Failure   Level
 Scorch                   Fire           34%        2d6       3%          2
 Apportation              Tloc           12%        N/A       11%         1
 Mephitic Cloud           Conj/Pois/Air  6%         N/A       32%         3
 Vhi's Electric Charge    Tloc/Air       12%        N/A       32%         3
 Iskenderun's Mystic Bla  Conj/Tloc      6%         2d4       73%         4
 Olgreb's Toxic Radiance  Pois           6%         N/A       73%         4
 Alistair's Intoxication  Tmut/Pois      4%         N/A       97%         5
 Arcjolt                  Conj/Air       3%         1d13      97%         5
 Plasma Beam              Fire/Air       5%         2x1d17    100%        6


Dungeon Overview and Level Annotations

Branches:
Dungeon (5/15)             Temple (0/1) D:4

Altars:
Gozag
Hepliaklqana
Nemelex Xobeh

Annotations:
D:3 2 transporters, ripuliukko's ghost, novice GrEE


Innate Abilities, Weirdness & Mutations

You have very sharp teeth.
Your uncanny sense of smell can sniff out nearby items.
Your experience applies equally to all skills.


Message History

You barely miss the iguana.
The iguana is moderately wounded.
The iguana bites you but does no damage.
You hit the iguana. You burn the iguana.
The iguana is severely wounded.
The iguana barely misses you.
The ogre hits you with a +0 giant club!!
Ouch! That really hurt!
The iguana attacks as you move away! The iguana misses you.
There is a stone staircase leading up here.
The iguana bites you.
You climb upwards.
There is a stone staircase leading down here.
You hit the iguana but do no damage.
The iguana is severely wounded.
You barely miss the iguana. Your bite misses the iguana.
The iguana is severely wounded.
The iguana bites you!
* * * LOW HITPOINT WARNING * * *
You hit the iguana but do no damage.
The iguana is severely wounded.
The iguana barely misses you.
You hit the iguana but do no damage.
The iguana is severely wounded.
The iguana bites you!
* * * LOW HITPOINT WARNING * * *
It was a potion of heal wounds.
You feel much better. The iguana bites you!
You hit the iguana but do no damage.
The iguana is severely wounded.
You closely miss the iguana. You bite the iguana, but do no damage.
The iguana is severely wounded.
The iguana bites you.
You hit the iguana but do no damage.
The iguana is severely wounded.
The iguana bites you!
* * * LOW HITPOINT WARNING * * *
You hit the iguana. You burn the iguana. You bite the iguana, but do no damage.
The iguana is almost dead.
The iguana bites you!
You die...

#.... #####.... #........
#........
#########........
#................
##########............)###
#........l.............'..
#........@.............###
#........#.............###
#........#....####.....#..
#........#....# ##.).....
#........###### #.......
#........# #......#
####'##### #......# #.#
#....... #.##### #.......


You could see an iguana.

Vanquished Creatures
  A scorpion (D:4)
  A hound (D:2)
  An orc wizard (D:3)
  A sleepcap (D:4)
  4 adders
  4 worms
  3 dart slugs
  15 orcs
  4 bats
  7 endoplasms
  A giant cockroach (D:3)
  9 goblins
  9 hobgoblins
  13 jackals
  4 quokkas
  10 ball pythons
  5 frilled lizards
  10 kobolds
  3 rats
105 creatures vanquished.

Notes
Turn   | Place    | Note
-------+----------+-------------------------------------------
     0 | D:1      | Kass the Gnoll Cinder Acolyte began the quest for the Orb.
     0 | D:1      | Reached XP level 1. HP: 23/23 MP: 4/4
    84 | D:1      | Reached XP level 2. HP: 11/29 MP: 5/5
   491 | D:1      | Reached XP level 3. HP: 29/35 MP: 7/7
   720 | D:1      | Reached skill level 1 in Invocations
  1057 | D:1      | Reached skill level 1 in Short Blades
  1057 | D:1      | Reached skill level 1 in Long Blades
  1057 | D:1      | Reached skill level 1 in Axes
  1057 | D:1      | Reached skill level 1 in Maces & Flails
  1057 | D:1      | Reached skill level 1 in Staves
  1057 | D:1      | Reached skill level 1 in Ranged Weapons
  1057 | D:1      | Reached skill level 1 in Throwing
  1057 | D:1      | Reached skill level 1 in Armour
  1057 | D:1      | Reached skill level 1 in Dodging
  1057 | D:1      | Reached skill level 1 in Stealth
  1057 | D:1      | Reached skill level 1 in Shields
  1057 | D:1      | Reached skill level 1 in Unarmed Combat
  1057 | D:1      | Reached skill level 1 in Evocations
  1372 | D:2      | Reached skill level 1 in Conjurations
  1372 | D:2      | Reached skill level 1 in Hexes
  1372 | D:2      | Reached skill level 1 in Summonings
  1372 | D:2      | Reached skill level 1 in Necromancy
  1372 | D:2      | Reached skill level 1 in Translocations
  1372 | D:2      | Reached skill level 1 in Transmutations
  1372 | D:2      | Reached skill level 1 in Ice Magic
  1372 | D:2      | Reached skill level 1 in Air Magic
  1372 | D:2      | Reached skill level 1 in Earth Magic
  1372 | D:2      | Reached skill level 1 in Poison Magic
  1372 | D:2      | Reached XP level 4. HP: 39/41 MP: 8/8
  1918 | D:2      | Got Sif Muna's Atlas of Moving Virulence
  2061 | D:3      | Reached XP level 5. HP: 47/47 MP: 9/9
  2126 | D:3      | Found a large runed translucent door.
  2127 | D:3      | Found a large runed translucent door.
  2723 | D:3      | Found a transporter.
  2733 | D:3      | Found a transporter.
  2749 | D:3      | Noticed ripuliukko's ghost (novice GrEE)
  2762 | D:3      | Identified the +1 halberd "Basesechu" {venom, Will+ rCorr}
  2834 | D:3      | Found a faded altar of an unknown god.
  2911 | D:3      | Found a sparkling altar of Nemelex Xobeh.
  3211 | D:3      | Found a hazy altar of Hepliaklqana.
  3227 | D:3      | Found an opulent altar of Gozag.
  3573 | D:4      | Reached XP level 6. HP: 49/53 MP: 11/11
  4297 | D:4      | Found a staircase to the Ecumenical Temple.
  4599 | D:5      | Entered Level 5 of the Dungeon
  4626 | D:4      | Slain by an iguana

Illustrated notes

Levels and vault maps discovered:
D:1:      erik_arrival_cave_to_civilisation [erik_arrival_cave_to_hall],
          layout_basic, st_stairs_4, corexii_corridor_pit, minmay_pentomino_u2
D:2:      cheibrodos_old_hovel, layout_loops_corners, minmay_misc_feat_pillars
D:3:      layout_loops_ring, nemelex_xobeh_ov_fountains_minmay,
          jmf_multi_god_temple2, gammafunk_ghost_gnarly_gnolls,
          shapermc_ecumenical_altar_ellora, nrook_mini_backslash,
          minmay_distorted
D:4:      layout_basic, minmay_temple_entry_nine_rooms
D:5:      layout_cave_pools, amethyst_overflow_temple_binary, grunt_ministairs_3

Skill      XL: |  1  2  3  4  5  6 |
---------------+-------------------+-----
Invocations    | 1 2 |  2.2
Short Blades   | 1 2 |  2.0
Long Blades    | 1 2 |  2.0
Axes           | 1 2 |  2.0
Maces & Flails | 1 2 |  2.0
Staves         | 1 2 |  2.0
Ranged Weapons | 1 2 |  2.0
Throwing       | 1 2 |  2.0
Armour         | 1 2 |  2.0
Dodging        | 1 2 |  2.0
Stealth        | 1 2 |  2.0
Shields        | 1 2 |  2.0
Unarmed Combat | 1 2 |  2.0
Evocations     | 1 2 |  2.0
Spellcasting   | 3 |  3.5
Conjurations   | 1 |  1.6
Hexes          | 1 |  1.6
Summonings     | 1 |  1.6
Necromancy     | 1 |  1.6
Translocations | 1 |  1.6
Transmutations | 1 |  1.6
Ice Magic      | 1 |  1.6
Air Magic      | 1 |  1.6
Earth Magic    | 1 |  1.6
Poison Magic   | 1 |  1.6
Fighting       | |  6.8
Polearms       | |  6.8
Fire Magic     | |  5.7

Action                     |  1- 3 |  4- 6 || total
---------------------------+-------+-------++-------
  Melee: Spear             |   153 |   339 ||   492
         Bite              |    13 |    24 ||    37
         Punch             |     4 |     9 ||    13
  Throw: Boomerang         |       |     2 ||     2
    Use: Potion            |       |     1 ||     1
   Stab: Sleeping          |     1 |     6 ||     7
 Armour: Robe              |    16 |    33 ||    49
  Dodge: Dodged            |    58 |    95 ||   153
